 Dungeon Crawl Stone Soup version 0.26.1-11-gd32895ea62 (webtiles) character file.

Game seed: 4590452224128768181

510 buriedalive the Chiller (level 6, 0/32 HPs)
             Began as a Deep Elf Ice Elementalist on May 26, 2021.
             Killed by nerve-wracking pain
             ... invoked by Grinder
              (1 damage)
             ... while paralysed by Grinder
             ... on level 5 of the Dungeon.
             The game lasted 00:08:59 (6295 turns).

buriedalive the Chiller (Deep Elf Ice Elementalist) Turns: 6295, Time: 00:09:00

Health: 0/32       AC:  4    Str:  5    XL:     6   Next: 98%
Magic:  4/12       EV:  2    Int: 22    God:
Gold:   240        SH:  0    Dex: 15    Spells: 4/11 levels left

rFire    . . .     SeeInvis .   c - +1 dagger
rCold    . . .     Faith    .   (no shield)
rNeg     . . .     Spirit   .   a - +0 robe
rPois    .         Reflect  .   d - +0 helmet
rElec    .         Harm     .   (no cloak)
rCorr    .         Rampage  .   n - +0 pair of gloves
Will     .....                  (no boots)
Stlth    ++........             (no amulet)
HPRegen  0.10/turn              (no ring)
MPRegen  0.13/turn              (no ring)

@: paralysed
A: no striking features
a: no special abilities


You were on level 5 of the Dungeon.
You visited 1 branch of the dungeon, and saw 5 of its levels.

You collected 240 gold pieces.

Inventory:

Hand Weapons
 c - a +1 dagger (weapon)
Missiles
 b - 131 stones
 j - 19 poisoned darts (quivered)
 t - 2 curare-tipped darts
Armour
 a - a +0 robe (worn)
 d - a +0 helmet (worn)
 n - a +0 pair of gloves (worn)
Magical Staves
 m - an uncursed staff of death
Wands
 q - a wand of flame (16)
 r - a wand of iceblast (7)
Scrolls
 i - a scroll of remove curse
 k - a scroll of immolation
 p - 5 scrolls of identify
Potions
 e - a potion of curing
 f - 5 potions of flight
 g - a potion of resistance
 h - a potion of might
 l - 3 potions of lignification {unknown}
 o - 2 potions of mutation {unknown}
 s - a potion of haste {unknown}


   Skills:
 + Level 6.6 Dodging
 - Level 2.4 Stealth
 - Level 3.0 Spellcasting
 + Level 7.2 Ice Magic


You had 4 spell levels left.
You knew the following spells:

 Your Spells              Type           Power        Failure   Level
a - Freeze                Ice            100%         1%          1
b - Frozen Ramparts       Ice            70%          1%          3
c - Ozocubu's Armour      Ice            35%          1%          3

Your spell library contained the following spells:

 Spells                   Type           Power        Failure   Level
 Hailstorm                Conj/Ice       19%          28%         4
 Summon Ice Beast         Ice/Summ       19%          28%         4
 Confusing Touch          Hex            3%           36%         3
 Gell's Gravitas          Tloc           1%           36%         3
 Petrify                  Tmut/Erth      3%           77%         4
 Metabolic Englaciation   Hex/Ice        9%           61%         5
 Yara's Violent Unravell  Hex/Tmut       1%           98%         5


Dungeon Overview and Level Annotations

Branches:
Dungeon (5/15)
 Temple: D:4-7

Altars:
Okawaru

Annotations:
D:5 Grinder


Message History

You closely miss the phantom.
The phantom is almost destroyed.
The phantom hits you!
* * * LOW HITPOINT WARNING * * *
The phantom blinks!
The phantom blinks!
An iguana and Grinder come into view.
A worker ant and a sky beast come into view.
You see here 15 gold pieces.
Grinder shouts!
Grinder gestures at you.
You suddenly lose the ability to move!
The sky beast hits you.
* * * LOW HITPOINT WARNING * * *
The sky beast shocks you.
* * * LOW HITPOINT WARNING * * *
The phantom blinks!
Grinder gestures at you. Pain shoots through your body!
You die...

.....##
##...##§#
###### #....#
##..#..#
#....#
#.....#
#....#
#....## ....#
#...##
#..####...#
#..##..$##
#...§....#
####
###@...###.#
#B...#.Y..###
.# #......5.#
#. #######..#
## ##.# #..#
#.... ##...#
..##


You could see Grinder and a sky beast.

Vanquished Creatures
  3 ogres
  A centaur skeleton (D:4)
  A hound skeleton (D:5)
  A howler monkey skeleton (D:4)
  15 adders
  An ooze (D:2)
  An adder skeleton (D:4)
  A dart slug (D:3)
  3 leopard geckos
  An orc (D:4)
  5 giant cockroaches
  6 hobgoblins
  A jackal (D:3)
  A quokka (D:2)
  12 bats
  7 frilled lizards
  6 goblins
  4 kobolds
  8 rats
78 creatures vanquished.

Notes
Turn   | Place    | Note
-------+----------+-------------------------------------------
     0 | D:1      | buriedalive the Deep Elf Ice Elementalist began the quest
                  | for the Orb.
     0 | D:1      | Reached XP level 1. HP: 10/10 MP: 6/6
   261 | D:1      | Reached XP level 2. HP: 15/15 MP: 8/8
  1282 | D:2      | Found an iron altar of Okawaru.
  1287 | D:2      | Reached XP level 3. HP: 5/19 MP: 6/9
  1289 | D:2      | Reached skill level 5 in Ice Magic
  1936 | D:2      | Learned a level 3 spell: Frozen Ramparts
  1940 | D:2      | Learned a level 3 spell: Ozocubu's Armour
  2059 | D:2      | Reached XP level 4. HP: 21/24 MP: 4/10
  3266 | D:3      | Reached XP level 5. HP: 28/28 MP: 11/11
  3307 | D:3      | Reached skill level 5 in Dodging
  3307 | D:3      | Reached skill level 6 in Ice Magic
  5023 | D:4      | Noticed a phantom
  5511 | D:4      | Noticed an ogre
  5519 | D:4      | Killed an ogre
  5520 | D:4      | Reached XP level 6. HP: 32/32 MP: 3/12
  5722 | D:5      | Entered Level 5 of the Dungeon
  5806 | D:5      | Reached skill level 7 in Ice Magic
  6285 | D:5      | Noticed Grinder
  6286 | D:5      | Noticed a sky beast
  6290 | D:5      | Paralysed by Grinder for 7 turns
  6294 | D:5      | HP: 1/32 [sky beast (6)]
  6295 | D:5      | Killed from afar by Grinder

Illustrated notes

Levels and vault maps discovered:
D:1:      scummos_arrival_hexagon, layout_basic, minivault_4
D:2:      layout_loops_ring, okawaru_ov_weapons_minmay
D:3:      layout_rooms, dk_vineyard_3, minmay_fractal_squares_diagonal_5
D:4:      layout_cave_pools, minmay_overflow_temple_star_hex, minivault_14,
          dk_noncrumbling_2, serial_park_tiny_1
D:5:      minmay_evil_eye, layout_layer_cave, uniq_menkaure, uniq_grinder

Skill      XL: |  1  2  3  4  5  6 |
---------------+-------------------+-----
Dodging        | 3 4 5 6 |  6.6
Ice Magic      | 5 6 7 |  7.2
Stealth        | |  2.4
Spellcasting   | |  3.0

Action                   |  1- 3 |  4- 6 || total
-------------------------+-------+-------++-------
Melee: Dagger            |    44 |   151 ||   195
Throw: Dart              |       |     3 ||     3
 Cast: Freeze            |    35 |    63 ||    98
       Ozocubu's Armour  |       |     6 ||     6
       Frozen Ramparts   |       |     5 ||     5
  Use: Scroll            |     5 |     5 ||    10
       Potion            |       |     2 ||     2
 Stab: Sleeping          |     5 |     7 ||    12
Armor: Robe              |     8 |    50 ||    58
Dodge: Dodged            |    53 |   160 ||   213
